 Dungeon Crawl Stone Soup version 0.28.0-53-g5a82cb258f (webtiles) character file.

Game seed: 9173434038544568670

206 Sin92 the Magician (level 5, -5/39 HPs)
             Began as a Demonspawn Transmuter on July 5, 2022.
             Killed from afar by an orc wizard (6 damage)
             ... with a puff of flame
             ... on level 3 of the Dungeon.
             The game lasted 00:06:06 (2298 turns).

Sin92 the Magician (Demonspawn Transmuter)          Turns: 2298, Time: 00:06:07

Health: -5/39      AC:  2    Str: 13    XL:     5   Next: 53%
Magic:  18/18      EV: 10    Int: 14    God:
Gold:   96         SH:  7    Dex: 13    Spells: 8/9 levels left

rFire   . . .      SeeInvis .   g - +2 whip (venom)
rCold   . . .      Faith    .   e - +0 kite shield
rNeg    . . .      Spirit   .   a - +0 robe
rPois   .          Reflect  .   (no helmet)
rElec   .          Harm     .   (no cloak)
rCorr   .          Rampage  .   (no gloves)
Will    .....                   (no boots)
Stlth   +.........              (no amulet)
HPRegen 0.13/turn               i - ring of magical power
MPRegen 0.16/turn               (no ring)

@: no status effects
A: ignite blood 1
a: no special abilities


You were on level 3 of the Dungeon.
You visited 1 branch of the dungeon, and saw 3 of its levels.

You collected 96 gold pieces.

Inventory:

Hand Weapons
 f - a +0 spear
 g - a +2 whip of venom (weapon)
Missiles
 b - 111 stones
Armour
 a - a +0 robe (worn)
 e - a +0 kite shield (worn)
Jewellery
 i - a ring of magical power (left hand)
 l - a ring of ice
Scrolls
 k - a scroll of blinking
 m - a scroll of fog {unknown}
Potions
 c - a potion of cancellation {unknown}
 d - a potion of berserk rage {unknown}
 h - 2 potions of lignification {unknown}
 j - a potion of magic {unknown}


   Skills:
 + Level 2.3 Fighting
 + Level 1.5 Maces & Flails
 + Level 1.7 Armour
 - Level 1.7 Dodging
 + Level 1.5 Shields
 - Level 2.7 Unarmed Combat
 + Level 2.8 Spellcasting
 + Level 2.7 Transmutations


You had 8 spell levels left.
You knew the following spells:

 Your Spells              Type           Power      Damage    Failure   Level
a - Beastly Appendage     Tmut           18%        N/A       24%         1

Your spell library contained the following spells:

 Spells                   Type           Power      Damage    Failure   Level
 Wereblood                Tmut           9%         N/A       36%         2
 Spider Form              Tmut/Pois      5%         N/A       77%         3
 Ice Form                 Ice/Tmut       5%         N/A       99%         4


Dungeon Overview and Level Annotations

Branches:
Dungeon (3/15)

Altars:

Shops:
D:3 *(:(


Innate Abilities, Weirdness & Mutations

Your demonic aura sometimes causes spilled blood to erupt in flames.


Message History

The orc priest is severely wounded.
You kill the orc priest!
You block the orc's attack. Something hits you.
The orc hits you with a +0 mace.
Unknown command.
You are too injured to fight recklessly!
Unknown command.
You are too injured to fight recklessly!
Unknown command.
You are too injured to fight recklessly!
Unknown command.
An orc is nearby!
You miss something. Something hits you. You block the orc's attack.
Something hits you.
You whack the orc!
You kill the orc!
You hear some strange, mumbled words.
You are confused.
You barely miss something. Something hits you. Something hits you.
Things that are here:
a +0 short sword; a +0 short sword; an orc corpse You bump into the crystal wall.
Something hits you.
You hit something. Something hits you but does no damage.
You're too confused to move!
You hear some strange, mumbled words.
A magic dart appears from out of thin air!
The magic dart hits you!
* * * LOW HITPOINT WARNING * * *
You bump into the crystal wall.
Something hits you.
* * * LOW HITPOINT WARNING * * *
You bump into the crystal wall.
You feel less confused. Something hits you.
* * * LOW HITPOINT WARNING * * *
You closely miss something.
You hear some strange, mumbled words.
A puff of flame appears from out of thin air!
The puff of flame hits you.
You die...

#....# #.# ..######
#.# ..# #.# ... #.#
###.##### #.########
.......# #....#...# #
#...#.# #...#.#..#
....#.#{)# #..#)..#.#
.....∩.@.###.#..∩..##
.#..#.#)...<..#...#.#
#...#.......#.#..#
..............#...#
#######.........####
#.........#
###########


There were no monsters in sight!

Vanquished Creatures
  An ogre (D:3)
  An orc priest (D:3)
  Jessica (D:2)
  A hound skeleton (D:3)
  An adder (D:2)
  A worm (D:2)
  A dart slug (D:2)
  4 orcs (D:3)
  4 bats
  2 endoplasms (D:3)
  A giant cockroach (D:2)
  3 hobgoblins
  2 quokkas
  7 ball pythons
  A frilled lizard (D:2)
  A goblin (D:1)
  3 kobolds
  3 rats
38 creatures vanquished.

Notes
Turn   | Place    | Note
-------+----------+-------------------------------------------
     0 | D:1      | Sin92 the Demonspawn Transmuter began the quest for the
                  | Orb.
     0 | D:1      | Reached XP level 1. HP: 15/15 MP: 3/3
   906 | D:2      | Gained mutation: Your demonic aura sometimes causes spilled
                  | blood to erupt in flames. [demonic ancestry]
   906 | D:2      | Reached XP level 2. HP: 19/21 MP: 5/5
  1093 | D:2      | Noticed Jessica
  1097 | D:2      | Killed Jessica
  1098 | D:2      | Reached XP level 3. HP: 16/27 MP: 6/6
  1243 | D:2      | Reached skill level 1 in Armour
  1457 | D:2      | Found a faded altar of an unknown god.
  1656 | D:3      | Reached XP level 4. HP: 17/33 MP: 7/7
  1660 | D:3      | Reached skill level 1 in Shields
  1875 | D:3      | Found Cuqo's General Store.
  1879 | D:3      | Noticed an ogre
  1890 | D:3      | Killed an ogre
  1891 | D:3      | Reached skill level 1 in Maces & Flails
  1891 | D:3      | Reached XP level 5. HP: 22/38 MP: 9/9
  2041 | D:3      | Found Vessem's Weapon Shoppe.
  2188 | D:3      | Found Virhiaf's Weapon Shop.
  2275 | D:3      | Found Nujusa's Book Shoppe.
  2297 | D:3      | HP: 1/39 [something (2)]
  2298 | D:3      | Killed from afar by an orc wizard

Illustrated notes

Levels and vault maps discovered:
D:1:      mrwooster_arrival_statue, layout_loops_cross
D:2:      layout_rooms, shapermc_ecumenical_altar_mp_urbaneastern, uniq_jessica
D:3:      layout_rooms, gammafunk_temple_overflow_elements, serial_shops,
          nicolae_shop_bloodbath_and_beyond, nicolae_shop_advertising_works
          [nicolae_subvault_shop_adworks], nicolae_diamond_shop, shop, shop

Skill      XL: |  1  2  3  4 |
---------------+-------------+-----
Transmutations | 2 |  2.7
Armour         | 1 |  1.7
Shields        | 1 |  1.5
Fighting       | 2 |  2.3
Maces & Flails | 1 |  1.5
Dodging        | |  1.7
Unarmed Combat | |  2.7
Spellcasting   | |  2.8

Action                   |  1- 3 |  4- 6 || total
-------------------------+-------+-------++-------
Melee: Unarmed           |    24 |       ||    24
       Spear             |     4 |       ||     4
       Whip              |    44 |    33 ||    77
       Headbutt          |     2 |       ||     2
       Kick              |       |     1 ||     1
 Cast: Beastly Appendage |     1 |     1 ||     2
  Use: Scroll            |     2 |       ||     2
Armor: Robe              |    12 |     6 ||    18
Dodge: Dodged            |    58 |    15 ||    73
Block: Kite shield       |    27 |    16 ||    43
